Map: Triton LE

Players

aeox - Winner!

  • Race: Protoss Protoss
  • League: Gold
  • Spawn Location: 5:00

K.I.-1 (Hart)

  • Race: Terran Terran
  • Spawn Location: 11:00

VOD

Have the link to the VOD?

Description

Time

  • Played on: Nov. 14, 2019, 11:18 a.m.
  • Length: 13:08
Show
View Real Time Build Order
Export as new Build Order

aeox Protoss - Winner!

Build Orders: 1 Gate Expand, Double Forge 

Get SALT Encoding   

  12  0:01  Probe  
  13  0:15  Probe  
  13  0:20  Pylon  
  14  0:27  Probe (Chrono Boost)  
  15  0:38  Probe (Chrono Boost)  
  15  0:40  Gateway  
  16  0:44  Probe  
  16  0:48  Assimilator  
  17  1:03  Probe  
  18  1:25  Nexus  
  18  1:35  Cybernetics Core  
  18  1:45  Pylon  
  18  1:47  Assimilator  
  18  1:51  Probe (Chrono Boost)  
  19  2:01  Probe (Chrono Boost)  
  20  2:05  Probe (Chrono Boost)  
  21  2:10  Stalker (Chrono Boost)  
  21  2:13  Warp Gate  
  23  2:19  Probe  
  24  2:31  Gateway  
  24  2:33  Adept  
  26  2:44  Twilight Council  
  26  2:48  Probe (Chrono Boost)  
  28  2:56  Probe (Chrono Boost)  
  29  2:59  Probe (Chrono Boost)  
  29  3:10  Robotics Facility  
  29  3:12  Probe (Chrono Boost)  
  31  3:15  Probe (Chrono Boost)  
  31  3:18  Sentry  
  33  3:22  Stalker  
  33  3:24  Probe (Chrono Boost)  
  36  3:29  Pylon  
  36  3:31  Probe  
  36  3:32  Charge (Chrono Boost)  
  37  3:34  Probe  
  38  3:50  Forge  
  38  3:53  Forge  
  38  3:58  Observer  
  39  4:06  Probe x2  
  41  4:13  Zealot  
  41  4:15  Zealot  
  45  4:18  Probe x2  
  47  4:30  Photon Cannon, Probe x2  
  49  4:34  Photon Cannon  
  49  4:40  Zealot  
  49  4:41  Zealot  
  53  4:46  Probe (Chrono Boost)  
  54  4:53  Protoss Ground Weapons Level 1, Protoss Ground Armor Level 1  
  54  4:59  Pylon  
  54  5:02  Assimilator  
  54  5:05  Assimilator  
  54  5:11  Probe x2 (Chrono Boost)  
  52  5:15  Zealot  
  52  5:23  Probe (Chrono Boost)  
  54  5:29  Probe (Chrono Boost)  
  54  5:32  Probe (Chrono Boost)  
  56  5:36  Probe (Chrono Boost)  
  56  5:50  Nexus  
  56  5:53  Robotics Bay, Probe (Chrono Boost), Pylon  
  56  5:54  Templar Archives  
  58  5:58  Probe (Chrono Boost)  
  58  6:03  Probe (Chrono Boost)  
  59  6:04  Zealot  
  59  6:07  Probe (Chrono Boost)  
  59  6:09  Probe (Chrono Boost)  
  59  6:11  Pylon  
  63  6:12  Pylon  
  63  6:17  Probe  
  63  6:18  Pylon  
  64  6:33  Gateway  
  64  6:34  Gateway  
  64  6:37  Gateway  
  64  6:45  Psionic Storm  
  64  6:47  Extended Thermal Lance (Chrono Boost), Gateway  
  64  6:52  Gateway x2  
  64  6:55  Gateway  
  64  6:58  Colossus  
  70  7:09  Probe (Chrono Boost)  
  70  7:13  Protoss Ground Armor Level 2  
  70  7:14  Probe (Chrono Boost)  
  70  7:15  Probe (Chrono Boost)  
  73  7:18  Protoss Ground Weapons Level 2  
  73  7:19  Probe (Chrono Boost)  
  76  7:23  Probe x2 (Chrono Boost)  
  76  7:24  Probe (Chrono Boost)  
  77  7:30  High Templar  
  77  7:31  High Templar  
  77  7:32  High Templar  
  77  7:33  Probe x2  
  85  7:40  Assimilator  
  85  7:41  Probe  
  85  7:43  Assimilator  
  86  7:45  Probe  
  86  7:46  Probe  
  88  7:54  Probe  
  88  7:57  Probe  
  88  7:58  Probe  
  91  8:01  Zealot x3  
  97  8:05  Nexus  
  97  8:06  Probe  
  97  8:07  Colossus (Chrono Boost)  
  97  8:08  Pylon  
  97  8:09  Probe  
  97  8:10  Probe  
  106  8:19  Zealot  
  108  8:27  Pylon  
  108  8:28  Pylon  
  108  8:29  Pylon  
  108  8:30  Pylon  
  106  8:42  Zealot  
  106  8:43  Zealot x4  
  106  8:52  Zealot x2  
  106  8:53  Zealot  
  108  9:09  Colossus (Chrono Boost)  
  108  9:17  Zealot x8  
  130  9:29  Gateway  
  130  9:30  Gateway  
  130  9:34  Gateway  
  130  9:36  Pylon  
  130  9:38  Gateway x2  
  130  9:47  Zealot x8  
  130  9:52  Probe x4  
  150  9:57  Assimilator  
  150  9:59  Assimilator  
  150  10:04  Probe x3  
  153  10:14  Stalker x2  
  153  10:15  Stalker x4  
  165  10:30  Colossus (Chrono Boost)  
  165  10:33  Blink (Chrono Boost)  
  171  11:05  Pylon x2  
  171  11:07  Pylon  
  171  11:08  Pylon  
  171  11:22  Warp Prism  
  135  12:07  Zealot x9  
  135  12:08  Zealot x4  
  159  12:16  Archon  
  155  12:48  Zealot x4  
  155  12:49  Zealot x9  
Show
View Real Time Build Order
Export as new Build Order

K.I.-1 (Hart) Terran 

Build Orders:  

Get SALT Encoding   

  12  0:00  SCV  
  13  0:13  SCV  
  14  0:18  Supply Depot  
  14  0:25  SCV  
  15  0:40  SCV  
  16  0:43  Barracks  
  16  0:47  Refinery  
  16  0:52  SCV  
  17  1:04  SCV  
  18  1:16  SCV  
  19  1:19  Supply Depot  
  19  1:30  SCV  
  19  1:31  Marine  
  21  1:43  Orbital Command  
  21  1:51  Barracks Tech Lab, Supply Depot  
  21  1:59  Barracks  
  21  2:09  Marine  
  22  2:27  Marine, SCV  
  24  2:34  Supply Depot  
  24  2:39  SCV  
  24  2:42  Refinery  
  25  2:44  Marine  
  25  2:45  Marine  
  25  2:50  Engineering Bay  
  25  2:51  SCV  
  28  3:03  Marauder, Marine  
  28  3:04  SCV  
  32  3:16  SCV  
  33  3:21  Marine  
  33  3:24  Marauder  
  36  3:29  SCV  
  37  3:46  Marauder  
  39  4:21  Barracks Tech Lab  
  39  4:22  Terran Infantry Weapons Level 1, Stimpack, Reaper  
  40  4:24  Factory  
  40  4:26  Missile Turret  
  40  4:27  Missile Turret  
  40  4:29  Supply Depot  
  40  4:39  Combat Shield  
  40  4:40  Marauder  
  42  4:48  Bunker  
  42  4:54  Marine  
  42  4:55  Supply Depot  
  43  5:01  Marauder  
  45  5:09  Factory Tech Lab  
  45  5:12  Reaper  
  45  5:13  Factory  
  35  5:22  Marine  
  35  5:27  Command Center  
  34  5:40  Marauder  
  36  5:43  Marine  
  37  5:57  Factory Tech Lab  
  37  5:58  Concussive Shells  
  37  6:01  Marine  
  37  6:02  Marauder  
  40  6:11  Starport  
  40  6:16  Terran Infantry Armor Level 1  
  40  6:18  Barracks  
  40  6:19  Marine  
  40  6:23  Marauder  
  43  6:37  Marine  
  43  6:39  SCV x2  
  46  6:44  Marine  
  47  6:49  Starport Tech Lab, Refinery  
  47  6:51  SCV  
  47  6:52  SCV  
  49  6:55  Marauder  
  49  6:57  Missile Turret  
  49  6:59  Missile Turret  
  49  7:01  Refinery  
  51  7:02  Marine  
  51  7:03  SCV  
  51  7:04  SCV  
  51  7:05  Marine  
  51  7:08  Raven  
  57  7:15  SCV  
  57  7:16  SCV, Marine  
  57  7:19  Bunker  
  60  7:28  Sensor Tower, SCV x2  
  62  7:38  Armory  
  62  7:40  Barracks Reactor, SCV x2  
  64  7:50  Raven  
  66  7:52  SCV x2  
  68  8:00  Siege Tank  
  68  8:01  Supply Depot  
  68  8:04  SCV, Factory  
  72  8:10  Command Center  
  72  8:17  Starport  
  72  8:32  Siege Tank  
  75  8:36  Supply Depot  
  75  8:39  Widow Mine  
  77  8:47  Factory Tech Lab, Marine  
  62  8:53  Raven  
  62  8:54  Starport Tech Lab, Marine  
  55  9:00  Marine  
  56  9:06  Starport  
  56  9:07  Marine  
  57  9:20  Thor  
  63  9:30  Marine  
  63  9:31  Medivac  
  66  9:32  Refinery  
  66  9:33  Refinery  
  66  9:37  Marine  
  67  9:40  Medivac  
  67  9:42  Starport Reactor  
  67  9:43  Marine  
  70  9:50  Marine  
  71  10:01  Medivac  
  73  10:10  Raven  
  75  10:14  Siege Tank  
  78  10:22  Siege Tank  
  78  10:27  SCV  
  82  10:29  SCV  
  82  10:30  Siege Tank  
  82  10:31  SCV  
  87  10:39  SCV  
  87  10:41  SCV  
  89  10:43  SCV  
  89  10:47  Widow Mine  
  92  10:51  Supply Depot, SCV  
  92  10:53  SCV  
  92  10:54  Thor  
  92  10:55  SCV  
  101  11:02  Thor  
  101  11:03  SCV  
  108  11:05  SCV  
  109  11:13  SCV  
  109  11:15  Supply Depot, SCV  
  109  11:18  SCV  
  112  11:25  SCV  
  113  11:26  Missile Turret  
  113  11:27  SCV  
  113  11:30  SCV  
  115  11:34  Missile Turret  
  115  11:37  SCV  
  115  11:39  SCV  
  117  11:40  Supply Depot  
  117  11:42  Ghost Academy  
  117  11:45  Marine  
  107  11:51  Marine  
  107  11:53  Marine  
  87  11:56  Widow Mine  
  87  11:58  Marine  
  76  12:01  Siege Tank  
  76  12:02  Viking, Marine  
  76  12:04  Hellion  
  76  12:07  Viking  
  68  12:09  Marine  
  68  12:11  Marine  
  64  12:15  Marine  
  48  12:43  Marine  
  48  12:44  Marine  
Tags
 
Add a new tag
Caveats
  • Supply blocks, unpowered buildings, or Contaminate may cause inaccurate times.
  • Supply counts are checked every 10 seconds.